Match 42326996
Unlisted

Match 42326996
End
Scout Squad
Construct Barracks
Riflemen Squad
1⁄4-ton 4x4 Truck
Selects Armored Battlegroup
Selects Armored Battlegroup
Selects Veteran Crews
Infantry Support Center
Engineer Squad
Construct Medical Station
Riflemen Squad
Riflemen Squad
Advanced Logistics
M1918 Browning Automatic Rifles
Grenade Package
Selects M31 Recovery Vehicle
Demolitions Package
Construct Motor Pool
Selects War Machine
M1 Anti-tank Gun Team
M24 Chaffee Light Tank
Selects Strength in Steel
M24 Chaffee Light Tank
M24 Chaffee Light Tank
Selects Seek and Destroy
Munitions Surplus
Survival Training
Abazur
Grand.G
0
0

Comments sign in to comment!

No comments posted yet!